 Dungeon Sprint DCSS version 0.28-a0-1395-g4f6bc678fa (webtiles) character file.

Game seed: 8608972418188186908

872 rocky1 the Cleaver (level 7, 0/57 HPs)
             Began as a Minotaur Fighter on Jan 5, 2022.
             Was an Initiate of Gozag.
             Slain by a flayed ghost (16 damage)
             ... in the Dungeon (Sprint VII: "The Pits").
             The game lasted 00:04:34 (986 turns).

rocky1 the Cleaver (Minotaur Fighter)                Turns: 986, Time: 00:04:34

Health: 0/57       AC: 12    Str: 22    XL:     7   Next: 74%
Magic:  6/6        EV:  7    Int:  5    God:    Gozag
Gold:   1512       SH:  4    Dex: 10    Spells: 6/6 levels left

rFire   . . .      SeeInvis .   k - +2 hand axe (pain)
rCold   . . .      Faith    .   c - +0 buckler
rNeg    . . .      Spirit   .   o - +3 chain mail
rPois   .          Reflect  .   (helmet restricted)
rElec   .          Harm     .   (no cloak)
rCorr   .          Rampage  .   (no gloves)
Will    .....      NoTele   +   (no boots)
Stlth   ..........              (no amulet)
HPRegen 0.19/turn               (no ring)
MPRegen 0.10/turn               (no ring)

@: flayed, gold aura
A: horns 2, retaliatory headbutt
a: Renounce Religion, Potion Petition, Call Merchant, Bribe Branch


You were in the Dungeon.
You worshipped Gozag.
Gozag was most pleased with you.
You visited 1 branch You collected 1512 gold pieces.

Inventory:

Hand Weapons
 a - a +0 war axe
 k - a +2 hand axe of pain (weapon)
 p - a +0 long sword of flaming
 q - a +1 hand axe of freezing
Armour
 b - a +0 scale mail
 c - a +0 buckler (worn)
 o - a +3 chain mail (worn)
Scrolls
 j - a scroll of blinking
 m - 5 scrolls of amnesia
 n - a scroll of summoning
Potions
 d - a potion of might
 e - 6 potions of curing
 f - 2 potions of heal wounds
 g - a potion of haste
 h - 4 potions of magic
 i - 3 potions of berserk rage
 l - 2 potions of invisibility


   Skills:
 - Level 3.6 Fighting
 + Level 14.3 Axes
 - Level 3.6 Armour
 - Level 4.7 Shields
 + Level 9.1 Necromancy


You had 6 spell levels left.
You didn't know any spells.
Your spell library was empty.

Dungeon Overview and Level Annotations

Branches:
Dungeon (1/1)

Altars:
Ashenzari
Cheibriados
Dithmenos
Elyvilon
Fedhas
Gozag
Hepliaklqana
Kikubaaqudgha
Makhleb
Nemelex Xobeh
Okawaru
Qazlal
Ru
Sif Muna
Trog
Uskayaw
Vehumet
Wu Jian
Xom
Yredelemnul
Zin
The Shining One
Beogh
Jiyva
Lugonu


Innate Abilities, Weirdness & Mutations

You have a pair of horns on your head.
You reflexively headbutt those who attack you in melee.


Message History

Terrible wounds open up all over your body!
The eye of devastation gazes at you.
The bolt of energy misses the bat.
The bolt of energy hits you!!!
Ouch! That really hurt!
* * * LOW HITPOINT WARNING * * *
Which direction?
You close the door.
You feel much better.
Unknown command.
You feel much better.
A flayed ghost breaks down the door.
The eye of devastation gazes at you. The bolt of energy hits you!
Unknown command.
The flayed ghost cries, "Suffer as I suffered!"
Terrible wounds spread across more of your body!
There is a broken door, spattered with blood here.
You completely miss the flayed ghost. You slash the bat!
You kill the bat!
The flayed ghost hits you but does no damage.
You hit the flayed ghost. Your headbutt misses the flayed ghost.
The flayed ghost is lightly damaged.
You hit the eye of devastation but do no damage.
The eye of devastation writhes in agony.
You hit the flayed ghost.
The flayed ghost is lightly damaged.
You hit the eye of devastation but do no damage.
The eye of devastation writhes in agony.
The flayed ghost hits you!!
* * * LOW HITPOINT WARNING * * *
The eye of devastation gazes at you. The bolt of energy misses you.
You feel much better. The flayed ghost hits you!
* * * LOW HITPOINT WARNING * * *
Unknown command.
You slash the eye of devastation!
The eye of devastation writhes in agony!
The eye of devastation is heavily wounded.
You barely miss the flayed ghost. The flayed ghost hits you!
You die...
Your body crumbles into a pile of gold.

#.####'##'###...<...#
#)#...)....##.......#
#)#........##.......#
#'###########.......#
#)......#..##########
#...#...#.######
#...#...#.#....#
#.##.##.#'#$...#
#...#...#.@W...+
#...#...#'#G...#
#.......'.#....#
################


You could see a flayed ghost and an eye of devastation.

Vanquished Creatures
  A tarantella (D)
  A flying skull (D)
  A fire bat (D)
  An ice beast (D)
  A wolf (D)
  A phantom (D)
  A scorpion (D)
  2 orc wizards (D)
  An adder (D)
  4 orcs (D)
  A goblin (D)
  A hobgoblin (D)
  11 jackals (D)
  2 bats (D)
  A frilled lizard (D)
  A rat (D)
31 creatures vanquished.

Notes
Turn   | Place    | Note
-------+----------+-------------------------------------------
     0 | D        | rocky1 the Minotaur Fighter began the quest for the Orb.
     0 | D        | Reached XP level 1. HP: 19/19 MP: 0/0
    16 | D        | Reached skill level 3 in Axes
    25 | D        | Found a bloodstained altar of Trog.
    25 | D        | Found a shimmering blue altar of Sif Muna.
    25 | D        | Found a viscous altar of Jiyva.
    25 | D        | Found a hazy altar of Hepliaklqana.
    25 | D        | Found an opulent altar of Gozag.
    26 | D        | Found a glowing golden altar of the Shining One.
    26 | D        | Found a glowing silver altar of Zin.
    26 | D        | Found a basalt altar of Yredelemnul.
    26 | D        | Found a shimmering altar of Xom.
    26 | D        | Found an ornate altar of the Wu Jian Council.
    26 | D        | Found a sacrificial altar of Ru.
    26 | D        | Found a stormy altar of Qazlal.
    26 | D        | Found an iron altar of Okawaru.
    26 | D        | Found a sparkling altar of Nemelex Xobeh.
    26 | D        | Found a burning altar of Makhleb.
    26 | D        | Found a blossoming altar of Fedhas.
    26 | D        | Found a white marble altar of Elyvilon.
    26 | D        | Found a shadowy altar of Dithmenos.
    26 | D        | Found a snail-covered altar of Cheibriados.
    30 | D        | Found a corrupted altar of Lugonu.
    30 | D        | Found a radiant altar of Vehumet.
    31 | D        | Found a broken altar of Ashenzari.
    31 | D        | Found an ancient bone altar of Kikubaaqudgha.
    31 | D        | Found a hide-covered altar of Uskayaw.
    33 | D        | Became a worshipper of Gozag Ym Sagoz the Greedy
    80 | D        | Reached skill level 4 in Axes
    83 | D        | Reached skill level 1 in Necromancy
    83 | D        | Reached XP level 2. HP: 18/26 MP: 1/1
   189 | D        | Reached skill level 5 in Axes
   198 | D        | Noticed a phantom
   211 | D        | Killed a phantom
   212 | D        | Reached skill level 7 in Axes
   212 | D        | Reached XP level 3. HP: 19/31 MP: 2/2
   212 | D        | Reached XP level 4. HP: 24/39 MP: 3/3
   398 | D        | Noticed an ice beast
   398 | D        | Noticed a wolf
   398 | D        | Noticed a fire bat
   399 | D        | Noticed a scorpion
   408 | D        | Killed a fire bat
   409 | D        | Reached skill level 10 in Axes
   409 | D        | Reached XP level 5. HP: 38/45 MP: 4/4
   418 | D        | Killed a wolf
   419 | D        | Reached skill level 11 in Axes
   419 | D        | Reached XP level 6. HP: 28/51 MP: 5/5
   424 | D        | Killed an ice beast
   425 | D        | Reached skill level 12 in Axes
   443 | D        | Reached XP level 7. HP: 27/57 MP: 6/6
   613 | D        | Noticed a tarantella
   630 | D        | Killed a tarantella
   631 | D        | Reached skill level 13 in Axes
   722 | D        | Noticed a flying skull
   739 | D        | Killed a flying skull
   740 | D        | Reached skill level 14 in Axes
   976 | D        | Noticed a flayed ghost
   976 | D        | Noticed an eye of devastation
   984 | D        | HP: 2/57 [flayed ghost (20)]
   986 | D        | Slain by a flayed ghost

Illustrated notes

Levels and vault maps discovered:
D:        pitsprint [storerooms_1, entrance_room_1, metal_vault_1, armoury_2,
          mini_pit_1, grid_room_1, main_hall_1, silver_pit, the_coven_3,
          the_vestibule_1, steel_vault_2, golden_pit, hallway_of_sentries,
          crystal_vault_1, iron_vault_1, final_vault]

Skill      XL: |  1  2  3  4  5  6  7 |
---------------+----------------------+-----
Axes           | 4 7 10 11 12 14 | 14.3
Shields        | 4 |  4.7
Necromancy     | 1 4 6 7 9 |  9.1
Fighting       | |  3.6
Armour         | |  3.6

Action                   |  1- 3 |  4- 6 |  7- 9 || total
-------------------------+-------+-------+-------++-------
Melee: War axe           |     8 |       |       ||     8
       Hand axe          |    26 |    36 |    34 ||    96
       Headbutt          |     4 |     7 |     7 ||    18
  Use: Potion            |       |       |     4 ||     4
Armor: Scale mail        |    20 |     2 |       ||    22
       Chain mail        |       |    17 |    13 ||    30
Dodge: Dodged            |    15 |     4 |     6 ||    25
Block: Buckler           |     6 |     5 |     7 ||    18

Table legend: (Time is in decaauts)
 A = Elapsed time spent in this place.
 B = Non-inter-level travel time spent in this place.
 C = Inter-level travel time spent in this place.
 D = Time resting spent in this place.
 E = Time spent auto-exploring this place.
 F = Levels seen in this place.
 G = Mean time per level.
                   A        B        C        D        E       F      G
               +--------+--------+--------+--------+--------+-----+--------+
         Total |    969 |    954 |     15 |    642 |      0 |   1 |  969.0 |
       Dungeon |    969 |    954 |     15 |    642 |      0 |   1 |  969.0 |
               +--------+--------+--------+--------+--------+-----+--------+

Top non-repeatable levels by time:
       D: 969 daAuts
